 Dungeon Crawl Stone Soup version 0.23-a0-814-g91b4073 (webtiles) character file.

1174 Inarius the Covert (level 8, 0/36 HPs)
             Began as a Felid Berserker on Jan 21, 2019.
             Was a Priest of Trog.
             Succumbed to Erica's bolt of poison
             ... on level 8 of the Dungeon.
             The game lasted 00:11:48 (5972 turns).

Inarius the Covert (Felid Berserker)                Turns: 5972, Time: 00:11:49

Health: 0/36       AC:  2    Str: 15    XL:     8   Next: 18%
Magic:  9/9        EV: 21    Int:  9    God:    Trog [***...]
Gold:   166        SH:  3    Dex: 15    Spells: 7/7 levels left
                                        Lives:  0   Deaths: 2

rFire    + . .     SeeInvis +     - Unarmed
rCold    . . .     Gourm    .   (shield unavailable)
rNeg     . . .     Faith    .   (armour unavailable)
rPois    .         Spirit   .   (helmet unavailable)
rElec    .         Reflect  +   (cloak unavailable)
rCorr    .         Harm     .   (gloves unavailable)
MR       +....                  (boots unavailable)
Stlth    +++++.....             l - +3 amulet of reflection
HPRegen  0.12/turn              f - ring of protection from fire
MPRegen  0.11/turn              (no ring)

@: lethally poisoned (0 -> -7), berserk cooldown, flying, slowed, slow
A: very small, no armour, no weapons or thrown items, stealth, claws 1, fangs 3,
see invisible, carnivore, speed 1, shaggy fur 2, slow metabolism 1, sharp paws
a: Berserk, Trog's Hand, Renounce Religion


You were on level 8 of the Dungeon.
You worshipped Trog.
Trog was most pleased with you.
You were full.

You visited 1 branch of the dungeon, and saw 6 of its levels.

You collected 166 gold pieces.

Inventory:

Jewellery
 f - a ring of protection from fire (left paw)
 l - a +3 amulet of reflection (around neck)
 q - an uncursed amulet of the acrobat
 r - a cursed amulet of inaccuracy {unknown}
Wands
 e - a wand of acid (1)
Scrolls
 b - 4 scrolls of remove curse {unknown}
 c - a scroll of teleportation
 d - a scroll of random uselessness {unknown}
 g - 2 scrolls of fear
 k - 4 scrolls of magic mapping
 m - a scroll of amnesia {unknown}
 n - a scroll of enchant armour {unknown}
Potions
 h - a potion of cancellation
 i - 2 potions of degeneration
 j - a potion of flight
 p - a potion of curing
Comestibles
 a - 14 rations


   Skills:
 + Level 4.0 Fighting
 + Level 6.0 Dodging
 * Level 10.5 Stealth
 + Level 7.8 Unarmed Combat
 + Level 0.9 Evocations


You had 7 spell levels left.
You didn't know any spells.
Your spell library was empty.

Dungeon Overview and Level Annotations

Branches:
Dungeon (5/15)             Temple (0/1) D:4

Altars:
Ashenzari
Fedhas
Kikubaaqudgha
Wu Jian
Xom

Shops:
D:8 [


Innate Abilities, Weirdness & Mutations

You cannot wear armour.
You are incapable of wielding weapons or throwing items.
Your paws allow you to move quietly. (Stealth)
You have sharp claws.
You have razor-sharp teeth.
You have supernaturally acute eyesight. (SInv)
You are carnivorous and can eat meat at any time.
You cover ground quickly.
You are covered in thick fur. (AC +2)
You have a slow metabolism.
Your sharp claws are effective at attacking unaware monsters.


Message History

You mangle Erica!!
You kill Erica!
Trog accepts your kill.
Trog appreciates your killing of a magic user.
Your Fighting skill increases to level 4!
Your Dodging skill increases to level 6!
Your Stealth skill increases to level 10!
Your Unarmed Combat skill increases to level 7!
Welcome back to level 8!
* * * LOW HITPOINT WARNING * * *
You feel sick. The orc closely misses you.
You feel a strong urge to attack something.
* * * LOW HITPOINT WARNING * * *
You feel sick.
Okay, then.
Found a ruby potion.
You feel your anger nearly subside.
You are no longer berserk.
You are exhausted.
You feel yourself slow down.
You die...

##..###..........##§......
.............#.### .......
...............# .......
##.##.........## ...∩...
#..##.......#.# .......
...##.#......... .......
#..##........##### .......
....##.......o...##.....
....##.......###@.......
............)..###......
..............Y.## .....
.......).........#....!.
.................#.# ..#
....(............... ..
...(................ .
...........#........
........##.#.#.##...


You could see an orc.

Vanquished Creatures
  Erica (D:8)
  A hungry ghost (D:8)
  A sky beast (D:5)
  An ogre (D:4)
  A centaur (D:5)
  A big kobold (D:8)
  A bullfrog (D:8)
  3 killer bees (D:8)
  A crimson imp (D:8)
  2 orc priests
  A jelly (D:5)
  3 iguanas
  4 worker ants
  A hound skeleton (D:5)
  3 gnolls (D:4)
  A howler monkey skeleton (D:4)
  8 adders
  A shadow imp (D:5)
  An ooze (D:3)
  An adder skeleton (D:5)
  2 worms
  2 dart slugs (D:3)
  3 leopard geckos
  9 orcs
  2 ball pythons
  8 bats
  3 giant cockroaches
  4 goblins
  6 hobgoblins
  6 jackals
  13 kobolds
  2 quokkas
  6 frilled lizards
  A quokka skeleton (D:4)
  8 rats
112 creatures vanquished.

Notes
Turn   | Place    | Note
-------+----------+-------------------------------------------
     0 | D:1      | Inarius the Felid Berserker began the quest for the Orb.
     0 | D:1      | Reached XP level 1. HP: 10/10 MP: 2/2
   436 | D:1      | Reached skill level 1 in Stealth
   436 | D:1      | Reached XP level 2. HP: 14/14 MP: 3/3
  1429 | D:2      | Reached XP level 3. HP: 11/17 MP: 4/4
  1698 | D:2      | Reached skill level 2 in Stealth
  2730 | D:3      | Reached skill level 3 in Stealth
  2730 | D:3      | Reached XP level 4. HP: 21/21 MP: 5/5
  2844 | D:3      | Reached ** piety under Trog
  3110 | D:3      | Found a shattered altar of Ashenzari.
  3583 | D:3      | Killed from afar by an orc priest
  3584 | D:3      | Reached XP level 3. HP: 0/25 MP: 4/4
  3665 | D:3      | Found a faded altar of an unknown god.
  3806 | D:3      | Reached skill level 4 in Stealth
  3806 | D:3      | Reached XP level 4. HP: 21/21 MP: 5/5
  4100 | D:4      | Found an ancient bone altar of Kikubaaqudgha.
  4341 | D:4      | Reached XP level 5. HP: 24/24 MP: 6/6
  4344 | D:4      | Reached skill level 5 in Stealth
  4438 | D:4      | Found a blossoming altar of Fedhas.
  4538 | D:4      | Found a shimmering altar of Xom.
  4543 | D:4      | Found a shimmering altar of Xom.
  4543 | D:4      | Found a shimmering altar of Xom.
  4550 | D:4      | Found a shimmering altar of Xom.
  4551 | D:4      | Found a shimmering altar of Xom.
  4555 | D:4      | Found a shimmering altar of Xom.
  4922 | D:4      | Noticed an ogre
  4926 | D:4      | Killed an ogre
  4926 | D:4      | Reached skill level 6 in Stealth
  4926 | D:4      | Reached skill level 5 in Unarmed Combat
  4926 | D:4      | Gained mutation: You are covered in thick fur. (AC +2)
                  | [Felid growth]
  4926 | D:4      | Reached XP level 6. HP: 28/28 MP: 7/7
  5042 | D:4      | Found a staircase to the Ecumenical Temple.
  5091 | D:5      | Entered Level 5 of the Dungeon
  5125 | D:5      | Found an ornate altar of the Wu Jian Council.
  5126 | D:5      | Noticed a sky beast
  5294 | D:5      | Killed a sky beast
  5306 | D:5      | Reached skill level 5 in Dodging
  5416 | D:5      | Reached XP level 7. HP: 31/31 MP: 8/8
  5474 | D:5      | Reached skill level 7 in Stealth
  5620 | D:5      | You fall through a shaft for 3 floors!
  5622 | D:8      | Noticed Erica
  5712 | D:8      | Reached skill level 8 in Stealth
  5810 | D:8      | Noticed a hungry ghost
  5823 | D:8      | Killed a hungry ghost
  5823 | D:8      | Reached XP level 8. HP: 36/36 MP: 9/9
  5831 | D:8      | Reached skill level 9 in Stealth
  5905 | D:8      | Found Evakh's Antique Armour Shop.
  5911 | D:8      | Reached *** piety under Trog
  5924 | D:8      | Killed from afar by an orc priest
  5925 | D:8      | Reached XP level 7. HP: -2/46 MP: 8/8
  5968 | D:8      | Killed Erica
  5968 | D:8      | Reached skill level 10 in Stealth
  5968 | D:8      | Reached XP level 8. HP: 4/36 MP: 9/9
  5970 | D:8      | HP: 2/54 [poisoned by Erica (bolt of poison)]
  5972 | D:8      | Succumbed to Erica's bolt of poison

Vault maps used:
D:1:      minmay_arrival_cross, minmay_tetromino_s2
D:2:      first_ration
D:3:      ashenzari_altar_1, chequers_ecumenical_altar_grove, nrook_uturn
D:4:      xom_redecorated, lemuel_crystal_altar,
          minmay_temple_entry_enclosed_plants, fedhas_altar_4
D:5:      nicolae_overflow_crystal_walls, corexii_checkpoint_b,
          kennysheep_generic_room_9
D:8:      serial_shops, shop, the_bakery, uniq_erica

Skill      XL: |  1  2  3  4  5  6  7  8 |
---------------+-------------------------+-----
Stealth        | 1 4 6 10 9 | 10.5
Unarmed Combat | 4 5 7 |  7.8
Dodging        | 5 6 |  6.0
Fighting       | 4 |  4.0
Evocations     | |  0.9

Action                   |  1- 3 |  4- 6 |  7- 9 || total
-------------------------+-------+-------+-------++-------
Melee: Unarmed           |    92 |   118 |    73 ||   283
       Bite              |     9 |    10 |     6 ||    25
       Punch             |     2 |     2 |     2 ||     6
Invok: Berserk           |     2 |     5 |     6 ||    13
       Trog's Hand       |       |       |     1 ||     1
Evoke: Wand              |       |       |     4 ||     4
  Use: Potion            |     3 |       |     2 ||     5
       Scroll            |       |       |     6 ||     6
 Stab: Sleeping          |    14 |    10 |     6 ||    30
  Eat: Chunk             |    11 |    15 |     7 ||    33
Armor: Skin              |     7 |     3 |     5 ||    15
Dodge: Dodged            |    41 |    83 |    60 ||   184
Block: Other             |       |     6 |     3 ||     9
       Reflection        |       |     3 |     1 ||     4

Table legend:
 A = Non-vault XP
 B = Vault XP
 C = Vault XP percentage of total XP
 D = Non-vault monster count
 E = Vault monster count
 F = Vault count percentage of total count
                 A         B        C        D         E       F
            +---------+---------+-------+---------+---------+-------
      Total |    1616 |     910 |  36.0 |     108 |       4 |   3.6
            +---------+---------+-------+---------+---------+-------
        D:1 |      23 |       3 |  11.5 |      14 |       2 |  12.5
        D:2 |      51 |       0 |   0.0 |      15 |       0 |   0.0
        D:3 |     121 |       0 |   0.0 |      30 |       0 |   0.0
        D:4 |     368 |       0 |   0.0 |      22 |       0 |   0.0
        D:5 |     432 |      37 |   7.9 |      15 |       1 |   6.2
        D:8 |     621 |     870 |  58.4 |      12 |       1 |   7.7
            +---------+---------+-------+---------+---------+-------
